2132 views
Uploaded 2025-01-29 21:27:03
Game version 1.00 (6115)
93:31 long 1on1on1on1 ladder game on (8)MarketSquare
Saved by LawLiet
2132 views
Uploaded 2025-01-29 21:27:03
Game version 1.00 (6115)
93:31 long 1on1on1on1 ladder game on (8)MarketSquare

18 units @ 1.8k
/ 0.1k
7 buildings @ 1.1k
/ 0.3k

| Healing Salve | 2 | 200 |
| Lesser Clarity Potion | 1 | 70 |
| total: | 3 | 270g |
| Peon | 11 | 825 | / | 0 |
| Troll Headhunter | 7 | 980 | / | 140 |
| total: | 18 | 1805g | / | 140w |
| Watch Tower | 1 | 110 | / | 80 |
| Altar of Storms | 1 | 180 | / | 50 |
| Orc Burrow | 2 | 320 | / | 80 |
| War Mill | 1 | 205 | / | 0 |
| Barracks | 1 | 180 | / | 50 |
| Voodoo Lounge | 1 | 130 | / | 30 |
| Stronghold | 1 | 315 | / | 190 |
| total: | 7 | 1125g | / | 290w |
| 0:02 | Peon |
| 0:02 | Peon |
| 0:08 | Altar of Storms |
| 0:19 | Orc Burrow |
| 0:24 | Peon |
| 0:24 | Peon |
| 0:45 | War Mill |
| 1:07 | Barracks |
| 1:11 | Peon |
| 1:30 | Peon |
| 1:41 | Peon |
| 1:44 | Orc Burrow |
| 2:08 | Troll Headhunter |
| 2:13 | Peon |
| 2:14 | Peon |
| 2:31 | Breath of Fire |
| 2:36 | Troll Headhunter |
| 2:37 | Peon |
| 3:07 | Troll Headhunter |
| 3:15 | Voodoo Lounge |
| 3:18 | Peon |
| 3:33 | Troll Headhunter |
| 3:45 | Troll Headhunter |
| 3:59 | Drunken Brawler |
| 4:44 | Troll Headhunter |
| 4:44 | Troll Headhunter |
| 5:04 | Stronghold |
| 5:10 | Watch Tower |
| 5:19 | Healing Salve |
| 5:19 | Lesser Clarity Potion |
| 6:38 | Healing Salve |
| Right click | 538 |
| Select | 126 |
| Select group | 126 |
| Assign group | 28 |
| Build/train/purchase | 27 |
| Use ability | 11 |
| Misc. action | 2 |
169 units @ 25.9k
/ 4k
179 buildings @ 12.9k
/ 7.2k



| Staff of Sanctuary | 3 | 750 |
| Scroll of Regeneration | 3 | 300 |
| Lesser Clarity Potion | 1 | 70 |
| Potion of Healing | 3 | 450 |
| Potion of Mana | 1 | 200 |
| Scroll of Healing | 5 | 1250 |
| Scroll of Town Portal | 19 | 6650 |
| Potion of Lesser Invulnerability | 2 | 300 |
| Boots of Speed | 3 | 750 |
| total: | 40 | 10720g |
| Peasant | 78 | 5850 | / | 0 |
| Rifleman | 41 | 8405 | / | 1230 |
| Priest | 7 | 945 | / | 70 |
| Flying Machine | 2 | 200 | / | 60 |
| Siege Engine | 7 | 1365 | / | 420 |
| Knight | 8 | 1960 | / | 480 |
| Gryphon Rider | 24 | 6720 | / | 1680 |
| Spell Breaker | 2 | 430 | / | 60 |
| total: | 169 | 25875g | / | 4000w |
| Scout Tower | 121 | 3630 | / | 2420 |
| Guard Tower | 24 | 1680 | / | 1200 |
| Arcane Tower | 9 | 630 | / | 450 |
| Altar of Kings | 2 | 360 | / | 100 |
| Blacksmith | 4 | 560 | / | 240 |
| Barracks | 3 | 480 | / | 180 |
| Farm | 23 | 1840 | / | 460 |
| Lumber Mill | 2 | 240 | / | 0 |
| Town Hall | 10 | 3850 | / | 2050 |
| Arcane Vault | 2 | 260 | / | 60 |
| Cannon Tower | 12 | 1440 | / | 1200 |
| Workshop | 5 | 700 | / | 700 |
| Arcane Sanctum | 4 | 600 | / | 560 |
| Gryphon Aviary | 3 | 420 | / | 450 |
| Keep | 13 | 4160 | / | 2730 |
| Castle | 4 | 1440 | / | 840 |
| total: | 179 | 12940g | / | 7220w |
| 0:03 | Peasant |
| 0:03 | Peasant |
| 0:03 | Peasant |
| 0:36 | Altar of Kings |
| 0:38 | Blacksmith |
| 0:39 | Blacksmith |
| 0:46 | Peasant |
| 0:50 | Barracks |
| 0:58 | Peasant |
| 1:05 | Farm |
| 1:14 | Peasant |
| 1:19 | Farm |
| 1:31 | Peasant |
| 1:31 | Peasant |
| 1:59 | Rifleman |
| 1:59 | Rifleman |
| 1:59 | Rifleman |
| 1:59 | Rifleman |
| 1:59 | Rifleman |
| 1:59 | Rifleman |
| 1:59 | Rifleman |
| 2:16 | Farm |
| 2:21 | Rifleman |
| 2:22 | Rifleman |
| 2:22 | Rifleman |
| 2:22 | Rifleman |
| 2:22 | Rifleman |
| 2:55 | Rifleman |
| 3:05 | Holy Light |
| 3:14 | Keep |
| 3:32 | Rifleman |
| 3:32 | Rifleman |
| 3:32 | Rifleman |
| 3:32 | Rifleman |
| 3:32 | Rifleman |
| 3:32 | Rifleman |
| 3:32 | Rifleman |
| 3:32 | Rifleman |
| 3:32 | Rifleman |
| 3:32 | Rifleman |
| 3:32 | Rifleman |
| 3:32 | Rifleman |
| 3:45 | Farm |
| 3:57 | Lumber Mill |
| 4:01 | Black Gunpowder |
| 4:01 | Refined Gunpowder |
| 4:26 | Rifleman |
| 4:32 | Devotion Aura |
| 4:49 | Farm |
| 4:51 | Rifleman |
| 5:22 | Holy Light |
| 5:40 | Long Rifles |
| 5:57 | Imbued Gunpowder |
| 6:04 | Rifleman |
| 6:15 | Farm |
| 6:41 | Siphon Mana |
| 7:05 | Rifleman |
| 7:06 | Rifleman |
| 7:07 | Improved Lumber Harvesting |
| 7:11 | Scout Tower |
| 7:12 | Scout Tower |
| 7:14 | Scout Tower |
| 7:21 | Devotion Aura |
| 7:24 | Peasant |
| 7:25 | Peasant |
| 7:25 | Peasant |
| 7:52 | Guard Tower |
| 7:53 | Arcane Tower |
| 8:16 | Town Hall |
| 8:20 | Scout Tower |
| 8:20 | Scout Tower |
| 8:23 | Scout Tower |
| 8:44 | Advanced Lumber Harvesting |
| 9:06 | Studded Leather Armor |
| 9:08 | Farm |
| 9:08 | Farm |
| 9:10 | Arcane Tower |
| 9:10 | Guard Tower |
| 9:29 | Siphon Mana |
| 9:41 | Devotion Aura |
| 10:19 | Barracks |
| 10:20 | Barracks |
| 10:25 | Peasant |
| 10:25 | Peasant |
| 10:25 | Peasant |
| 10:26 | Peasant |
| 10:26 | Peasant |
| 10:26 | Peasant |
| 10:47 | Rifleman |
| 10:48 | Rifleman |
| 10:50 | Reinforced Leather Armor |
| 11:22 | Farm |
| 11:22 | Farm |
| 11:24 | Peasant |
| 11:24 | Peasant |
| 11:24 | Peasant |
| 11:29 | Peasant |
| 11:29 | Peasant |
| 11:29 | Peasant |
| 11:29 | Peasant |
| 11:29 | Peasant |
| 11:43 | Flame Strike |
| 11:45 | Scroll of Healing |
| 11:45 | Potion of Lesser Invulnerability |
| 11:48 | Scroll of Healing |
| 12:03 | Rifleman |
| 12:22 | Castle |
| 12:32 | Flame Strike |
| 12:44 | Town Hall |
| 12:52 | Scout Tower |
| 12:52 | Scout Tower |
| 12:53 | Scout Tower |
| 13:18 | Guard Tower |
| 14:28 | Rifleman |
| 14:59 | Dragonhide Armor |
| 15:17 | Arcane Vault |
| 15:22 | Arcane Tower |
| 15:24 | Scout Tower |
| 15:24 | Scout Tower |
| 15:26 | Scout Tower |
| 15:26 | Scout Tower |
| 15:26 | Scout Tower |
| 16:05 | Improved Masonry |
| 16:06 | Advanced Masonry |
| 16:08 | Scout Tower |
| 16:08 | Scout Tower |
| 16:08 | Scout Tower |
| 16:09 | Scout Tower |
| 16:09 | Scout Tower |
| 16:10 | Scout Tower |
| 16:10 | Scout Tower |
| 16:12 | Guard Tower |
| 16:21 | Workshop |
| 16:22 | Peasant |
| 16:22 | Peasant |
| 16:31 | Town Hall |
| 16:40 | Staff of Sanctuary |
| 16:40 | Scroll of Town Portal |
| 16:44 | Arcane Sanctum |
| 16:52 | Guard Tower |
| 16:52 | Cannon Tower |
| 17:02 | Storm Bolt |
| 18:17 | Imbued Masonry |
| 18:20 | Iron Forged Swords |
| 18:22 | Blacksmith |
| 18:25 | Scroll of Regeneration |
| 18:25 | Scroll of Town Portal |
| 18:35 | Scout Tower |
| 18:35 | Scout Tower |
| 18:35 | Scout Tower |
| 18:48 | Lesser Clarity Potion |
| 18:50 | Staff of Sanctuary |
| 18:55 | Rifleman |
| 19:01 | Blacksmith |
| 19:02 | Magic Sentry |
| 19:48 | Rifleman |
| 19:54 | Scroll of Regeneration |
| 20:02 | Rifleman |
| 20:05 | Steel Forged Swords |
| 20:05 | Iron Plating |
| 20:22 | Potion of Healing |
| 20:29 | Scroll of Town Portal |
| 20:41 | Rifleman |
| 20:41 | Rifleman |
| 21:06 | Potion of Healing |
| 21:06 | Potion of Mana |
| 21:10 | Potion of Healing |
| 21:32 | Staff of Sanctuary |
| 21:48 | Peasant |
| 21:48 | Peasant |
| 21:48 | Peasant |
| 21:48 | Peasant |
| 21:49 | Peasant |
| 21:49 | Peasant |
| 22:39 | Priest Adept Training |
| 22:56 | Peasant |
| 22:56 | Peasant |
| 22:56 | Peasant |
| 22:56 | Peasant |
| 22:58 | Peasant |
| 22:58 | Peasant |
| 22:58 | Peasant |
| 22:58 | Peasant |
| 23:06 | Town Hall |
| 23:17 | Arcane Tower |
| 23:17 | Guard Tower |
| 23:26 | Storm Bolt |
| 23:26 | Bash |
| 23:54 | Rifleman |
| 24:05 | Priest |
| 24:05 | Priest |
| 24:05 | Priest |
| 24:36 | Priest Master Training |
| 24:39 | Scroll of Healing |
| 24:39 | Scroll of Healing |
| 24:57 | Town Hall |
| 25:02 | Flying Machine |
| 25:04 | Flying Machine |
| 26:22 | Peasant |
| 27:21 | Priest |
| 27:29 | Scroll of Regeneration |
| 27:30 | Scroll of Town Portal |
| 27:43 | Mithril Forged Swords |
| 27:43 | Steel Plating |
| 27:44 | Mithril Plating |
| 27:59 | Priest |
| 28:16 | Scroll of Healing |
| 29:56 | Workshop |
| 30:09 | Workshop |
| 30:11 | Workshop |
| 30:30 | Scout Tower |
| 30:37 | Scout Tower |
| 30:38 | Scout Tower |
| 30:38 | Scout Tower |
| 30:42 | Cannon Tower |
| 30:44 | Bash |
| 30:45 | Guard Tower |
| 31:07 | Lumber Mill |
| 31:11 | Guard Tower |
| 31:11 | Cannon Tower |
| 31:12 | Arcane Tower |
| 32:01 | Resurrection |
| 32:02 | Summon Phoenix |
| 32:15 | Siege Engine |
| 32:18 | Sundering Blades |
| 32:18 | Animal War Training |
| 32:36 | Farm |
| 32:36 | Farm |
| 32:36 | Farm |
| 32:38 | Farm |
| 32:46 | Knight |
| 34:48 | Priest |
| 34:50 | Siege Engine |
| 35:16 | Scroll of Town Portal |
| 35:17 | Scroll of Town Portal |
| 35:23 | Knight |
| 35:31 | Workshop |
| 35:43 | Scout Tower |
| 35:43 | Scout Tower |
| 35:44 | Scout Tower |
| 35:44 | Scout Tower |
| 35:46 | Scout Tower |
| 35:46 | Scout Tower |
| 35:46 | Scout Tower |
| 35:46 | Scout Tower |
| 35:47 | Scout Tower |
| 35:47 | Scout Tower |
| 36:59 | Siege Engine |
| 37:35 | Guard Tower |
| 37:35 | Cannon Tower |
| 37:36 | Cannon Tower |
| 37:39 | Peasant |
| 37:39 | Peasant |
| 37:39 | Peasant |
| 37:41 | Peasant |
| 37:41 | Peasant |
| 37:41 | Peasant |
| 37:54 | Arcane Tower |
| 37:57 | Town Hall |
| 38:19 | Guard Tower |
| 38:19 | Cannon Tower |
| 38:43 | Arcane Tower |
| 39:05 | Peasant |
| 39:05 | Peasant |
| 39:09 | Gryphon Aviary |
| 39:35 | Scroll of Town Portal |
| 40:00 | Knight |
| 40:02 | Siege Engine |
| 40:05 | Gryphon Rider |
| 40:05 | Gryphon Rider |
| 40:05 | Gryphon Rider |
| 40:05 | Gryphon Rider |
| 40:05 | Gryphon Rider |
| 40:05 | Gryphon Rider |
| 40:05 | Gryphon Rider |
| 40:05 | Gryphon Rider |
| 40:05 | Gryphon Rider |
| 40:05 | Gryphon Rider |
| 40:06 | Gryphon Rider |
| 40:06 | Gryphon Rider |
| 40:23 | Peasant |
| 40:23 | Peasant |
| 40:38 | Farm |
| 40:38 | Farm |
| 40:39 | Farm |
| 40:40 | Keep |
| 40:43 | Altar of Kings |
| 41:15 | Farm |
| 41:16 | Farm |
| 41:16 | Farm |
| 43:15 | Castle |
| 43:16 | Gryphon Aviary |
| 43:17 | Gryphon Aviary |
| 43:40 | Arcane Sanctum |
| 43:41 | Arcane Sanctum |
| 43:41 | Arcane Sanctum |
| 44:07 | Rifleman |
| 44:09 | Scroll of Town Portal |
| 44:09 | Scroll of Town Portal |
| 44:20 | Peasant |
| 44:20 | Peasant |
| 44:20 | Peasant |
| 45:41 | Gryphon Rider |
| 45:43 | Storm Hammers |
| 45:50 | Arcane Vault |
| 45:58 | Boots of Speed |
| 46:04 | Boots of Speed |
| 46:12 | Siege Engine |
| 46:53 | Control Magic |
| 46:53 | Sorceress Adept Training |
| 46:58 | Farm |
| 46:58 | Farm |
| 46:58 | Farm |
| 48:30 | Scout Tower |
| 48:30 | Scout Tower |
| 48:30 | Scout Tower |
| 48:31 | Scout Tower |
| 48:31 | Scout Tower |
| 48:32 | Scout Tower |
| 48:32 | Scout Tower |
| 48:32 | Scout Tower |
| 48:33 | Scout Tower |
| 48:34 | Scout Tower |
| 48:38 | Scout Tower |
| 48:38 | Scout Tower |
| 48:39 | Scout Tower |
| 48:39 | Scout Tower |
| 48:41 | Scout Tower |
| 48:42 | Scout Tower |
| 48:43 | Scout Tower |
| 48:43 | Scout Tower |
| 48:43 | Scout Tower |
| 48:43 | Scout Tower |
| 49:04 | Gryphon Rider |
| 49:11 | Guard Tower |
| 49:11 | Cannon Tower |
| 49:25 | Boots of Speed |
| 49:25 | Scroll of Town Portal |
| 49:28 | Cannon Tower |
| 49:28 | Guard Tower |
| 49:33 | Town Hall |
| 49:34 | Arcane Tower |
| 49:35 | Guard Tower |
| 50:37 | Storm Bolt |
| 50:53 | Gryphon Rider |
| 52:17 | Priest |
| 52:50 | Siphon Mana |
| 54:03 | Divine Shield |
| 54:07 | Scroll of Town Portal |
| 54:10 | Scroll of Town Portal |
| 55:45 | Scout Tower |
| 55:45 | Scout Tower |
| 55:46 | Scout Tower |
| 55:46 | Scout Tower |
| 55:46 | Scout Tower |
| 55:47 | Scout Tower |
| 55:47 | Scout Tower |
| 55:47 | Scout Tower |
| 55:47 | Scout Tower |
| 55:47 | Scout Tower |
| 55:48 | Scout Tower |
| 56:40 | Guard Tower |
| 56:54 | Guard Tower |
| 57:07 | Gryphon Rider |
| 58:04 | Gryphon Rider |
| 59:16 | Scout Tower |
| 59:47 | Guard Tower |
| 59:48 | Scout Tower |
| 59:49 | Scout Tower |
| 59:49 | Scout Tower |
| 59:50 | Scout Tower |
| 59:50 | Scout Tower |
| 59:52 | Scout Tower |
| 59:52 | Scout Tower |
| 59:52 | Scout Tower |
| 59:52 | Scout Tower |
| 59:52 | Scout Tower |
| 59:52 | Scout Tower |
| 59:53 | Scout Tower |
| 59:53 | Scout Tower |
| 59:53 | Scout Tower |
| 59:53 | Scout Tower |
| 59:53 | Scout Tower |
| 59:53 | Scout Tower |
| 59:53 | Scout Tower |
| 59:54 | Scout Tower |
| 59:54 | Scout Tower |
| 59:54 | Scout Tower |
| 59:54 | Scout Tower |
| 59:54 | Scout Tower |
| 59:54 | Scout Tower |
| 59:54 | Scout Tower |
| 61:23 | Guard Tower |
| 62:00 | Avatar |
| 63:07 | Siege Engine |
| 63:10 | Scroll of Town Portal |
| 63:11 | Scroll of Town Portal |
| 63:39 | Gryphon Rider |
| 64:02 | Scout Tower |
| 64:03 | Scout Tower |
| 64:03 | Scout Tower |
| 64:03 | Scout Tower |
| 64:04 | Scout Tower |
| 64:05 | Scout Tower |
| 64:05 | Scout Tower |
| 64:05 | Scout Tower |
| 64:05 | Scout Tower |
| 64:06 | Scout Tower |
| 64:06 | Scout Tower |
| 65:22 | Gryphon Rider |
| 65:23 | Scout Tower |
| 65:23 | Scout Tower |
| 65:24 | Scout Tower |
| 65:24 | Scout Tower |
| 65:24 | Guard Tower |
| 65:59 | Divine Shield |
| 66:09 | Gryphon Rider |
| 66:33 | Peasant |
| 66:33 | Peasant |
| 66:33 | Peasant |
| 66:33 | Peasant |
| 66:41 | Banish |
| 67:19 | Guard Tower |
| 67:27 | Knight |
| 68:41 | Knight |
| 68:43 | Peasant |
| 68:43 | Peasant |
| 68:43 | Peasant |
| 68:44 | Peasant |
| 68:51 | Scroll of Town Portal |
| 69:16 | Scout Tower |
| 69:59 | Scout Tower |
| 69:59 | Scout Tower |
| 69:59 | Scout Tower |
| 70:00 | Scout Tower |
| 70:00 | Scout Tower |
| 70:00 | Scout Tower |
| 70:40 | Gryphon Rider |
| 70:51 | Scout Tower |
| 70:51 | Guard Tower |
| 71:00 | Scout Tower |
| 71:01 | Scout Tower |
| 71:02 | Scout Tower |
| 71:04 | Town Hall |
| 71:04 | Guard Tower |
| 71:05 | Cannon Tower |
| 71:06 | Arcane Tower |
| 71:10 | Peasant |
| 71:10 | Peasant |
| 71:10 | Peasant |
| 71:11 | Peasant |
| 71:11 | Peasant |
| 71:11 | Peasant |
| 71:15 | Peasant |
| 71:16 | Peasant |
| 71:16 | Peasant |
| 72:23 | Bash |
| 72:43 | Gryphon Rider |
| 72:52 | Guard Tower |
| 73:38 | Cannon Tower |
| 74:09 | Scroll of Town Portal |
| 74:12 | Potion of Lesser Invulnerability |
| 74:12 | Scroll of Town Portal |
| 76:35 | Town Hall |
| 76:39 | Knight |
| 77:36 | Town Hall |
| 78:09 | Cannon Tower |
| 79:32 | Gryphon Rider |
| 79:40 | Scroll of Town Portal |
| 79:42 | Scroll of Town Portal |
| 81:14 | Spell Breaker |
| 81:44 | Banish |
| 82:19 | Gryphon Rider |
| 82:30 | Fragmentation Shards |
| 82:58 | Holy Light |
| 82:58 | Divine Shield |
| 82:58 | Divine Shield |
| 82:58 | Divine Shield |
| 82:59 | Holy Light |
| 82:59 | Holy Light |
| 83:00 | Divine Shield |
| 83:00 | Divine Shield |
| 83:00 | Divine Shield |
| 83:21 | Knight |
| 83:59 | Peasant |
| 83:59 | Peasant |
| 83:59 | Peasant |
| 83:59 | Peasant |
| 83:59 | Peasant |
| 84:36 | Peasant |
| 86:35 | Siege Engine |
| 86:40 | Spell Breaker |
| 86:54 | Knight |
| 90:21 | Holy Light |
| Right click | 6399 |
| Select group | 4895 |
| Select | 2817 |
| Misc. action | 1718 |
| Chat | 688 |
| Assign group | 584 |
| Build/train/purchase | 565 |
| Use ability | 493 |
| Esc | 13 |
| Item give/drop | 3 |
| Remove unit | 1 |
87 units @ 10.2k
/ 1.2k
28 buildings @ 5.2k
/ 2.3k



| Healing Salve | 10 | 1000 |
| Orb of Lightning | 2 | 750 |
| Tiny Great Hall | 5 | 3000 |
| Lesser Clarity Potion | 5 | 350 |
| Potion of Mana | 1 | 200 |
| Scroll of Town Portal | 2 | 700 |
| total: | 25 | 6000g |
| Peon | 48 | 3600 | / | 0 |
| Troll Headhunter | 6 | 840 | / | 120 |
| Troll Witch Doctor | 11 | 1595 | / | 275 |
| Troll Berserker | 6 | 840 | / | 120 |
| Shaman | 3 | 390 | / | 60 |
| Wind Rider | 5 | 1325 | / | 200 |
| Troll Batrider | 5 | 800 | / | 200 |
| Kodo Beast | 2 | 510 | / | 120 |
| Tauren | 1 | 280 | / | 80 |
| total: | 87 | 10180g | / | 1175w |
| Altar of Storms | 1 | 180 | / | 50 |
| Orc Burrow | 8 | 1280 | / | 320 |
| War Mill | 2 | 410 | / | 0 |
| Barracks | 1 | 180 | / | 50 |
| Voodoo Lounge | 5 | 650 | / | 150 |
| Great Hall | 4 | 1540 | / | 740 |
| Spirit Lodge | 1 | 150 | / | 150 |
| Tauren Totem | 1 | 135 | / | 155 |
| Beastiary | 5 | 725 | / | 700 |
| Stronghold | 2 | 630 | / | 380 |
| Fortress | 2 | 650 | / | 380 |
| total: | 28 | 5250g | / | 2315w |
| 0:03 | Peon |
| 0:04 | Peon |
| 0:04 | Peon |
| 0:12 | Altar of Storms |
| 0:22 | Orc Burrow |
| 0:47 | Peon |
| 0:54 | War Mill |
| 1:08 | Barracks |
| 1:18 | Peon |
| 1:18 | Peon |
| 1:20 | Peon |
| 1:20 | Peon |
| 1:44 | Peon |
| 1:49 | Orc Burrow |
| 2:09 | Troll Headhunter |
| 2:13 | Voodoo Lounge |
| 2:18 | Mirror Image |
| 2:28 | Troll Headhunter |
| 2:31 | Troll Headhunter |
| 2:39 | Peon |
| 2:49 | Troll Headhunter |
| 2:50 | Peon |
| 2:51 | Peon |
| 3:12 | Troll Headhunter |
| 3:35 | Stronghold |
| 4:02 | Healing Salve |
| 4:02 | Healing Salve |
| 4:11 | Orc Burrow |
| 4:16 | Critical Strike |
| 4:59 | Great Hall |
| 5:11 | Mirror Image |
| 6:06 | Fortress |
| 6:11 | Troll Headhunter |
| 6:12 | Reinforced Defenses |
| 6:26 | Spirit Lodge |
| 6:44 | Tauren Totem |
| 7:05 | Healing Salve |
| 7:05 | Healing Salve |
| 7:08 | Critical Strike |
| 7:09 | War Stomp |
| 7:28 | Peon |
| 7:28 | Peon |
| 7:28 | Peon |
| 7:28 | Peon |
| 7:28 | Peon |
| 7:58 | Troll Witch Doctor |
| 7:59 | Witch Doctor Adept Training |
| 7:59 | Witch Doctor Master Training |
| 8:00 | Beastiary |
| 8:22 | Orc Burrow |
| 8:24 | Voodoo Lounge |
| 8:28 | Endurance Aura |
| 8:37 | Berserker Upgrade |
| 9:21 | Troll Regeneration |
| 10:14 | Steel Armor |
| 10:14 | Thorium Armor |
| 10:16 | Spirit Walker Adept Training |
| 10:16 | Spirit Walker Master Training |
| 10:20 | Orb of Lightning |
| 10:20 | Tiny Great Hall |
| 10:21 | Tiny Great Hall |
| 10:23 | Healing Salve |
| 10:47 | War Stomp |
| 11:09 | Liquid Fire |
| 11:27 | Healing Wave |
| 11:39 | Shaman Adept Training |
| 11:39 | Shaman Master Training |
| 11:42 | Peon |
| 11:42 | Peon |
| 11:42 | Peon |
| 11:43 | Peon |
| 11:43 | Peon |
| 11:54 | Mirror Image |
| 12:03 | Steel Ranged Weapons |
| 12:03 | Thorium Ranged Weapons |
| 12:07 | Orc Burrow |
| 12:16 | War Mill |
| 12:41 | Orb of Lightning |
| 12:42 | Tiny Great Hall |
| 13:01 | Voodoo Lounge |
| 13:22 | Hex |
| 15:13 | Troll Berserker |
| 15:15 | Troll Witch Doctor |
| 15:38 | Troll Berserker |
| 15:40 | Arcanite Armor |
| 15:56 | Beastiary |
| 15:59 | Beastiary |
| 16:04 | Troll Berserker |
| 16:09 | Lesser Clarity Potion |
| 16:11 | Healing Salve |
| 16:14 | Lesser Clarity Potion |
| 16:18 | Endurance Aura |
| 16:20 | Peon |
| 16:20 | Peon |
| 16:20 | Peon |
| 16:21 | Peon |
| 16:21 | Peon |
| 16:23 | Peon |
| 16:23 | Peon |
| 16:26 | Arcanite Ranged Weapons |
| 16:32 | Troll Berserker |
| 17:00 | Healing Wave |
| 17:04 | Beastiary |
| 17:14 | Troll Witch Doctor |
| 17:31 | Orc Burrow |
| 17:34 | Voodoo Lounge |
| 17:54 | Beastiary |
| 18:14 | Peon |
| 18:27 | Shaman |
| 19:49 | Steel Melee Weapons |
| 19:49 | Thorium Melee Weapons |
| 20:04 | Great Hall |
| 20:45 | Troll Witch Doctor |
| 20:45 | Troll Witch Doctor |
| 21:03 | Arcanite Melee Weapons |
| 21:04 | Spiked Barricades |
| 21:04 | Improved Spiked Barricades |
| 22:42 | Envenomed Spears |
| 22:43 | Wind Rider |
| 22:48 | Great Hall |
| 22:51 | Great Hall |
| 23:11 | Peon |
| 23:11 | Peon |
| 23:11 | Peon |
| 23:11 | Peon |
| 23:12 | Peon |
| 23:15 | Voodoo Lounge |
| 23:27 | Troll Batrider |
| 23:28 | Troll Batrider |
| 23:29 | Wind Rider |
| 24:08 | Hex |
| 24:29 | Troll Batrider |
| 24:31 | Kodo Beast |
| 24:32 | Wind Rider |
| 24:33 | Healing Salve |
| 24:54 | Lesser Clarity Potion |
| 24:55 | Potion of Mana |
| 25:35 | Peon |
| 25:35 | Peon |
| 25:35 | Peon |
| 25:42 | Scroll of Town Portal |
| 25:42 | Lesser Clarity Potion |
| 25:49 | Lesser Clarity Potion |
| 25:50 | Tiny Great Hall |
| 25:50 | Healing Salve |
| 26:00 | Peon |
| 26:00 | Peon |
| 26:00 | Peon |
| 26:00 | Peon |
| 26:00 | Peon |
| 26:02 | Troll Witch Doctor |
| 26:03 | Troll Witch Doctor |
| 26:03 | Shaman |
| 26:29 | Orc Burrow |
| 26:35 | Troll Batrider |
| 26:38 | Peon |
| 26:38 | Peon |
| 26:38 | Peon |
| 26:39 | Peon |
| 26:39 | Peon |
| 26:43 | Scroll of Town Portal |
| 26:43 | Tiny Great Hall |
| 26:51 | Orc Burrow |
| 27:51 | Troll Batrider |
| 27:52 | Wind Rider |
| 27:54 | Troll Witch Doctor |
| 29:23 | Troll Witch Doctor |
| 29:23 | Troll Witch Doctor |
| 29:26 | Troll Witch Doctor |
| 29:26 | Shaman |
| 29:27 | Tauren |
| 29:29 | Kodo Beast |
| 29:30 | Troll Berserker |
| 29:30 | Troll Berserker |
| 29:34 | Healing Salve |
| 29:34 | Healing Salve |
| 29:49 | Wind Rider |
| 29:54 | War Stomp |
| Right click | 1516 |
| Select group | 1304 |
| Select | 770 |
| Misc. action | 315 |
| Build/train/purchase | 286 |
| Use ability | 90 |
| Assign group | 64 |
| Esc | 9 |
| Item give/drop | 2 |
231 units @ 24.7k
/ 3.2k
133 buildings @ 12.1k
/ 5.8k



x1)
| Scroll of Regeneration | 3 | 300 |
| Lesser Clarity Potion | 5 | 350 |
| Mechanical Critter | 9 | 450 |
| Staff of Sanctuary | 3 | 750 |
| Orb of Fire | 1 | 325 |
| Ivory Tower | 2 | 80 |
| Potion of Healing | 1 | 150 |
| Scroll of Healing | 7 | 1750 |
| Scroll of Town Portal | 6 | 2100 |
| Boots of Speed | 2 | 500 |
| Potion of Lesser Invulnerability | 6 | 900 |
| Periapt of Vitality | 3 | 975 |
| Tome of Retraining | 1 | 300 |
| Scroll of Protection | 1 | 150 |
| total: | 50 | 9080g |
| Peasant | 134 | 10050 | / | 0 |
| Footman | 9 | 1215 | / | 0 |
| Priest | 10 | 1350 | / | 100 |
| Flying Machine | 34 | 3400 | / | 1020 |
| Knight | 7 | 1715 | / | 420 |
| Mortar Team | 7 | 1260 | / | 490 |
| Sorceress | 9 | 1395 | / | 180 |
| Spell Breaker | 7 | 1505 | / | 210 |
| Siege Engine | 13 | 2535 | / | 780 |
| Assassin | 1 | 250 | / | 30 |
| total: | 231 | 24675g | / | 3230w |
| Scout Tower | 80 | 2400 | / | 1600 |
| Guard Tower | 45 | 3150 | / | 2250 |
| Arcane Tower | 16 | 1120 | / | 800 |
| Lumber Mill | 14 | 1680 | / | 0 |
| Altar of Kings | 1 | 180 | / | 50 |
| Farm | 15 | 1200 | / | 300 |
| Barracks | 1 | 160 | / | 60 |
| Town Hall | 14 | 5390 | / | 2870 |
| Arcane Vault | 1 | 130 | / | 30 |
| Blacksmith | 1 | 140 | / | 60 |
| Cannon Tower | 21 | 2520 | / | 2100 |
| Arcane Sanctum | 2 | 300 | / | 280 |
| Workshop | 4 | 560 | / | 560 |
| Keep | 1 | 320 | / | 210 |
| Castle | 1 | 360 | / | 210 |
| total: | 133 | 12140g | / | 5810w |
| 0:01 | Peasant |
| 0:02 | Peasant |
| 0:19 | Lumber Mill |
| 0:22 | Peasant |
| 0:34 | Altar of Kings |
| 0:40 | Peasant |
| 0:50 | Farm |
| 0:55 | Barracks |
| 0:59 | Peasant |
| 1:06 | Peasant |
| 1:19 | Farm |
| 1:21 | Farm |
| 1:24 | Improved Lumber Harvesting |
| 1:24 | Peasant |
| 1:36 | Peasant |
| 1:50 | Farm |
| 1:59 | Footman |
| 2:00 | Peasant |
| 2:05 | Peasant |
| 2:16 | Footman |
| 2:27 | Peasant |
| 2:31 | Summon Water Elemental |
| 2:35 | Peasant |
| 3:08 | Keep |
| 3:13 | Brilliance Aura |
| 3:39 | Town Hall |
| 4:00 | Footman |
| 4:04 | Arcane Vault |
| 4:17 | Footman |
| 4:51 | Footman |
| 5:03 | Town Hall |
| 5:08 | Farm |
| 5:12 | Footman |
| 5:42 | Summon Water Elemental |
| 6:13 | Peasant |
| 6:13 | Peasant |
| 6:28 | Footman |
| 6:32 | Peasant |
| 6:33 | Peasant |
| 6:46 | Peasant |
| 6:47 | Peasant |
| 6:48 | Footman |
| 7:03 | Scroll of Regeneration |
| 7:03 | Lesser Clarity Potion |
| 7:06 | Castle |
| 7:07 | Storm Bolt |
| 7:15 | Peasant |
| 7:17 | Lumber Mill |
| 7:20 | Lumber Mill |
| 7:20 | Peasant |
| 7:29 | Footman |
| 7:34 | Blacksmith |
| 7:44 | Assassin |
| 7:59 | Arcane Sanctum |
| 8:03 | Arcane Sanctum |
| 8:05 | Peasant |
| 8:05 | Peasant |
| 8:05 | Peasant |
| 8:13 | Advanced Lumber Harvesting |
| 8:26 | Bash |
| 8:26 | Brilliance Aura |
| 8:35 | Scout Tower |
| 8:38 | Peasant |
| 8:44 | Lesser Clarity Potion |
| 8:44 | Lesser Clarity Potion |
| 8:45 | Mechanical Critter |
| 8:45 | Mechanical Critter |
| 8:58 | Workshop |
| 8:59 | Workshop |
| 9:13 | Iron Forged Swords |
| 9:17 | Boots of Speed |
| 9:18 | Potion of Lesser Invulnerability |
| 9:29 | Priest |
| 9:30 | Priest |
| 9:37 | Priest |
| 9:39 | Priest Adept Training |
| 9:44 | Storm Bolt |
| 9:48 | Scout Tower |
| 9:49 | Scout Tower |
| 10:01 | Guard Tower |
| 10:06 | Iron Plating |
| 10:07 | Flying Machine |
| 10:12 | Priest |
| 10:41 | Staff of Sanctuary |
| 10:41 | Orb of Fire |
| 10:42 | Ivory Tower |
| 10:42 | Ivory Tower |
| 10:46 | Arcane Tower |
| 10:46 | Guard Tower |
| 10:54 | Priest Master Training |
| 10:54 | Sorceress Adept Training |
| 10:56 | Arcane Tower |
| 10:56 | Guard Tower |
| 10:59 | Farm |
| 11:06 | Holy Light |
| 11:32 | Periapt of Vitality |
| 11:32 | Tome of Retraining |
| 11:32 | Retrain Hero |
| 12:20 | Divine Shield |
| 12:32 | Mechanical Critter |
| 12:33 | Mechanical Critter |
| 12:34 | Mechanical Critter |
| 12:43 | Staff of Sanctuary |
| 12:44 | Animal War Training |
| 12:45 | Control Magic |
| 12:45 | Fragmentation Shards |
| 12:49 | Town Hall |
| 12:55 | Black Gunpowder |
| 12:55 | Farm |
| 12:56 | Farm |
| 12:56 | Farm |
| 12:58 | Farm |
| 13:28 | Sundering Blades |
| 13:32 | Scout Tower |
| 13:33 | Scout Tower |
| 14:04 | Town Hall |
| 14:30 | Peasant |
| 14:30 | Peasant |
| 14:34 | Scout Tower |
| 14:37 | Improved Masonry |
| 14:38 | Cannon Tower |
| 14:39 | Steel Plating |
| 14:44 | Scout Tower |
| 14:54 | Periapt of Vitality |
| 14:59 | Brilliance Aura |
| 15:05 | Cannon Tower |
| 15:07 | Scout Tower |
| 15:13 | Bash |
| 15:19 | Peasant |
| 15:22 | Peasant |
| 15:23 | Peasant |
| 15:26 | Scout Tower |
| 15:40 | Knight |
| 15:41 | Mortar Team |
| 15:42 | Priest |
| 15:42 | Priest |
| 15:43 | Peasant |
| 15:45 | Lumber Mill |
| 15:46 | Peasant |
| 15:50 | Holy Light |
| 15:52 | Lumber Mill |
| 15:53 | Lumber Mill |
| 15:54 | Lumber Mill |
| 15:55 | Peasant |
| 15:56 | Arcane Tower |
| 16:09 | Sorceress |
| 16:09 | Sorceress |
| 16:14 | Peasant |
| 16:16 | Farm |
| 16:27 | Knight |
| 16:28 | Spell Breaker |
| 16:29 | Spell Breaker |
| 16:47 | Staff of Sanctuary |
| 16:53 | Mithril Plating |
| 16:57 | Blizzard |
| 16:57 | Blizzard |
| 16:57 | Brilliance Aura |
| 16:57 | Brilliance Aura |
| 18:01 | Sorceress Master Training |
| 18:16 | Knight |
| 18:17 | Flying Machine Bombs |
| 18:18 | Mortar Team |
| 18:27 | Scout Tower |
| 18:27 | Scout Tower |
| 18:27 | Scout Tower |
| 18:28 | Advanced Masonry |
| 18:36 | Spell Breaker |
| 18:37 | Spell Breaker |
| 18:38 | Steel Forged Swords |
| 18:39 | Scroll of Healing |
| 18:41 | Scroll of Healing |
| 18:45 | Magic Sentry |
| 18:46 | Knight |
| 18:49 | Mortar Team |
| 19:59 | Mithril Forged Swords |
| 20:00 | Refined Gunpowder |
| 20:00 | Cannon Tower |
| 20:15 | Devotion Aura |
| 20:27 | Storm Bolt |
| 20:32 | Knight |
| 20:34 | Priest |
| 21:10 | Arcane Tower |
| 21:11 | Cannon Tower |
| 21:11 | Scout Tower |
| 21:19 | Cannon Tower |
| 21:24 | Spell Breaker |
| 21:25 | Knight |
| 21:40 | Cannon Tower |
| 21:43 | Scroll of Regeneration |
| 21:44 | Lesser Clarity Potion |
| 21:45 | Lesser Clarity Potion |
| 21:47 | Scroll of Town Portal |
| 21:50 | Sorceress |
| 21:51 | Mortar Team |
| 21:54 | Peasant |
| 21:58 | Imbued Masonry |
| 22:00 | Scout Tower |
| 22:00 | Scout Tower |
| 22:00 | Scout Tower |
| 22:10 | Priest |
| 22:10 | Priest |
| 22:41 | Peasant |
| 22:41 | Peasant |
| 22:51 | Imbued Gunpowder |
| 22:51 | Cannon Tower |
| 22:54 | Scout Tower |
| 22:55 | Scout Tower |
| 23:05 | Flare |
| 23:06 | Barrage |
| 23:07 | Flak Cannons |
| 23:09 | Workshop |
| 23:10 | Guard Tower |
| 23:13 | Mass Teleport |
| 24:02 | Holy Light |
| 24:04 | Avatar |
| 24:16 | Siege Engine |
| 24:26 | Guard Tower |
| 24:29 | Town Hall |
| 25:30 | Scroll of Regeneration |
| 25:31 | Scroll of Town Portal |
| 25:33 | Siege Engine |
| 25:39 | Mechanical Critter |
| 25:39 | Mechanical Critter |
| 25:40 | Mechanical Critter |
| 25:40 | Mechanical Critter |
| 25:52 | Scout Tower |
| 25:53 | Scout Tower |
| 25:53 | Scout Tower |
| 25:53 | Scout Tower |
| 25:56 | Siege Engine |
| 25:56 | Siege Engine |
| 25:58 | Workshop |
| 26:15 | Periapt of Vitality |
| 26:15 | Scroll of Healing |
| 26:15 | Potion of Lesser Invulnerability |
| 26:19 | Scroll of Healing |
| 26:20 | Boots of Speed |
| 26:20 | Scroll of Protection |
| 26:35 | Cannon Tower |
| 26:35 | Guard Tower |
| 26:36 | Scout Tower |
| 26:37 | Scout Tower |
| 26:39 | Scout Tower |
| 26:39 | Scout Tower |
| 26:40 | Scout Tower |
| 26:54 | Scout Tower |
| 26:54 | Scout Tower |
| 27:28 | Lumber Mill |
| 27:43 | Guard Tower |
| 27:43 | Arcane Tower |
| 27:44 | Cannon Tower |
| 27:57 | Lumber Mill |
| 28:19 | Scout Tower |
| 28:21 | Scout Tower |
| 28:33 | Scout Tower |
| 29:07 | Blizzard |
| 29:09 | Resurrection |
| 29:12 | Sorceress |
| 29:22 | Bash |
| 29:40 | Cannon Tower |
| 29:41 | Cannon Tower |
| 29:42 | Guard Tower |
| 29:46 | Cannon Tower |
| 29:46 | Cannon Tower |
| 29:58 | Scout Tower |
| 29:58 | Scout Tower |
| 30:00 | Scout Tower |
| 30:00 | Scout Tower |
| 30:00 | Scout Tower |
| 30:19 | Spell Breaker |
| 30:20 | Peasant |
| 30:24 | Scout Tower |
| 30:24 | Scout Tower |
| 30:53 | Spell Breaker |
| 30:53 | Priest |
| 30:54 | Mortar Team |
| 31:09 | Guard Tower |
| 31:24 | Lumber Mill |
| 31:46 | Lumber Mill |
| 31:54 | Farm |
| 31:55 | Farm |
| 32:00 | Arcane Tower |
| 32:19 | Arcane Tower |
| 32:37 | Cannon Tower |
| 32:59 | Town Hall |
| 33:00 | Town Hall |
| 33:01 | Town Hall |
| 33:06 | Scroll of Healing |
| 33:06 | Scroll of Healing |
| 33:14 | Potion of Lesser Invulnerability |
| 33:34 | Peasant |
| 33:51 | Knight |
| 34:06 | Devotion Aura |
| 34:09 | Summon Water Elemental |
| 34:18 | Scout Tower |
| 34:34 | Farm |
| 34:49 | Cannon Tower |
| 34:57 | Potion of Lesser Invulnerability |
| 34:59 | Scroll of Healing |
| 35:44 | Town Hall |
| 35:52 | Peasant |
| 35:58 | Cannon Tower |
| 36:26 | Scout Tower |
| 36:27 | Scout Tower |
| 36:39 | Sorceress |
| 37:03 | Cannon Tower |
| 37:07 | Peasant |
| 37:14 | Peasant |
| 37:33 | Thunder Clap |
| 37:36 | Peasant |
| 37:36 | Peasant |
| 37:36 | Peasant |
| 37:39 | Guard Tower |
| 37:44 | Arcane Tower |
| 37:56 | Scout Tower |
| 38:00 | Scout Tower |
| 38:02 | Scout Tower |
| 38:22 | Mortar Team |
| 38:36 | Cannon Tower |
| 38:39 | Scout Tower |
| 38:46 | Peasant |
| 38:55 | Guard Tower |
| 38:56 | Peasant |
| 39:08 | Guard Tower |
| 39:51 | Guard Tower |
| 39:54 | Scout Tower |
| 39:55 | Scout Tower |
| 40:07 | Scout Tower |
| 40:30 | Scout Tower |
| 40:41 | Guard Tower |
| 40:42 | Guard Tower |
| 40:43 | Scout Tower |
| 40:45 | Scout Tower |
| 41:01 | Peasant |
| 41:11 | Guard Tower |
| 41:11 | Guard Tower |
| 41:15 | Peasant |
| 41:16 | Guard Tower |
| 41:16 | Arcane Tower |
| 41:21 | Peasant |
| 41:51 | Peasant |
| 41:51 | Peasant |
| 41:51 | Peasant |
| 42:07 | Peasant |
| 42:07 | Peasant |
| 42:22 | Peasant |
| 42:42 | Peasant |
| 42:43 | Peasant |
| 43:55 | Peasant |
| 43:56 | Peasant |
| 43:57 | Guard Tower |
| 44:37 | Arcane Tower |
| 44:57 | Siege Engine |
| 44:58 | Siege Engine |
| 45:06 | Lumber Mill |
| 45:42 | Scout Tower |
| 45:43 | Scout Tower |
| 45:48 | Mortar Team |
| 45:52 | Flying Machine |
| 45:54 | Siege Engine |
| 46:02 | Town Hall |
| 46:47 | Scout Tower |
| 46:48 | Scout Tower |
| 46:49 | Scout Tower |
| 46:55 | Scout Tower |
| 47:34 | Flying Machine |
| 47:51 | Cannon Tower |
| 47:53 | Town Hall |
| 48:22 | Scout Tower |
| 49:33 | Flying Machine |
| 49:34 | Flying Machine |
| 49:34 | Flying Machine |
| 49:45 | Guard Tower |
| 50:14 | Scout Tower |
| 50:14 | Scout Tower |
| 50:15 | Town Hall |
| 50:41 | Flying Machine |
| 50:49 | Peasant |
| 50:49 | Peasant |
| 51:08 | Flying Machine |
| 51:09 | Peasant |
| 51:09 | Peasant |
| 51:12 | Arcane Tower |
| 51:43 | Peasant |
| 51:53 | Peasant |
| 51:56 | Guard Tower |
| 52:07 | Peasant |
| 52:18 | Peasant |
| 52:18 | Peasant |
| 52:18 | Peasant |
| 52:18 | Peasant |
| 52:50 | Peasant |
| 53:00 | Peasant |
| 53:07 | Peasant |
| 53:15 | Peasant |
| 53:15 | Peasant |
| 53:36 | Peasant |
| 53:43 | Peasant |
| 53:44 | Peasant |
| 53:49 | Flying Machine |
| 54:17 | Peasant |
| 54:22 | Peasant |
| 54:24 | Flying Machine |
| 54:29 | Peasant |
| 54:33 | Peasant |
| 54:43 | Peasant |
| 54:56 | Peasant |
| 54:57 | Peasant |
| 55:09 | Peasant |
| 55:19 | Peasant |
| 55:19 | Peasant |
| 55:19 | Peasant |
| 55:49 | Peasant |
| 56:06 | Peasant |
| 56:07 | Peasant |
| 57:09 | Peasant |
| 57:19 | Peasant |
| 57:21 | Peasant |
| 57:53 | Flying Machine |
| 57:53 | Flying Machine |
| 57:55 | Peasant |
| 57:56 | Peasant |
| 57:57 | Peasant |
| 58:07 | Peasant |
| 58:16 | Peasant |
| 58:17 | Peasant |
| 58:26 | Devotion Aura |
| 58:49 | Peasant |
| 59:15 | Peasant |
| 59:46 | Town Hall |
| 59:49 | Siege Engine |
| 60:20 | Flying Machine |
| 60:21 | Flying Machine |
| 60:26 | Town Hall |
| 60:27 | Flying Machine |
| 60:27 | Flying Machine |
| 60:59 | Peasant |
| 61:05 | Flying Machine |
| 61:05 | Flying Machine |
| 61:23 | Summon Water Elemental |
| 62:05 | Flying Machine |
| 62:21 | Flying Machine |
| 62:47 | Flying Machine |
| 63:34 | Thunder Clap |
| 63:45 | Peasant |
| 63:45 | Peasant |
| 64:11 | Flying Machine |
| 64:13 | Peasant |
| 64:13 | Peasant |
| 64:49 | Flying Machine |
| 64:50 | Peasant |
| 65:26 | Flying Machine |
| 65:45 | Peasant |
| 65:45 | Peasant |
| 66:07 | Peasant |
| 66:21 | Peasant |
| 66:21 | Peasant |
| 66:23 | Flying Machine |
| 66:25 | Peasant |
| 66:25 | Peasant |
| 66:25 | Peasant |
| 66:26 | Peasant |
| 66:33 | Peasant |
| 66:41 | Peasant |
| 66:42 | Peasant |
| 66:42 | Peasant |
| 66:43 | Peasant |
| 66:44 | Flying Machine |
| 67:03 | Flying Machine |
| 67:07 | Peasant |
| 67:21 | Scout Tower |
| 67:24 | Flying Machine |
| 67:58 | Flying Machine |
| 67:58 | Flying Machine |
| 68:12 | Flying Machine |
| 69:01 | Arcane Tower |
| 69:13 | Flying Machine |
| 69:26 | Scout Tower |
| 70:09 | Flying Machine |
| 71:26 | Scout Tower |
| 71:29 | Peasant |
| 71:37 | Peasant |
| 71:49 | Flying Machine |
| 71:51 | Siege Engine |
| 71:57 | Arcane Tower |
| 72:38 | Peasant |
| 73:14 | Potion of Lesser Invulnerability |
| 73:20 | Peasant |
| 73:21 | Scout Tower |
| 73:22 | Scout Tower |
| 73:36 | Scout Tower |
| 73:37 | Scout Tower |
| 73:42 | Scroll of Town Portal |
| 74:01 | Peasant |
| 74:01 | Guard Tower |
| 74:22 | Guard Tower |
| 74:39 | Siege Engine |
| 75:49 | Sorceress |
| 76:03 | Potion of Healing |
| 76:04 | Scroll of Town Portal |
| 78:19 | Sorceress |
| 78:20 | Scout Tower |
| 78:24 | Scout Tower |
| 78:45 | Peasant |
| 79:19 | Guard Tower |
| 79:36 | Peasant |
| 79:36 | Peasant |
| 79:53 | Lumber Mill |
| 79:55 | Peasant |
| 79:57 | Scroll of Town Portal |
| 79:57 | Potion of Lesser Invulnerability |
| 80:25 | Divine Shield |
| 80:28 | Lumber Mill |
| 80:31 | Scout Tower |
| 80:34 | Siege Engine |
| 80:38 | Siege Engine |
| 80:45 | Scout Tower |
| 81:04 | Guard Tower |
| 81:10 | Scout Tower |
| 81:20 | Peasant |
| 81:44 | Sorceress |
| 81:45 | Sorceress |
| 82:02 | Siege Engine |
| 82:08 | Guard Tower |
| 82:20 | Guard Tower |
| 83:23 | Scout Tower |
| 83:24 | Scout Tower |
| 83:53 | Guard Tower |
| 83:56 | Scout Tower |
| 84:26 | Guard Tower |
| 84:30 | Scout Tower |
| 84:57 | Guard Tower |
| 86:06 | Farm |
| 86:24 | Scout Tower |
| 86:26 | Scout Tower |
| 86:37 | Scout Tower |
| 86:54 | Guard Tower |
| 87:16 | Scroll of Town Portal |
| Select group | 10347 |
| Right click | 5658 |
| Select | 3087 |
| Misc. action | 2137 |
| Chat | 1635 |
| Use ability | 756 |
| Build/train/purchase | 750 |
| Assign group | 473 |
| Esc | 35 |
| Item give/drop | 15 |
| Remove unit | 1 |
⇛